 Dungeon Crawl Stone Soup version 0.27-a0-1358-ga0a28fc8c3 (webtiles) character file.

Game seed: 17685772031337540338

340 HESUNTHESUNT the Slasher (level 6, 0/51 HPs)
             Began as a Barachi Fighter on June 28, 2021.
             Slain by an iguana (3 damage)
             ... on level 5 of the Dungeon.
             The game lasted 00:08:56 (5567 turns).

HESUNTHESUNT the Slasher (Barachi Fighter)          Turns: 5567, Time: 00:08:57

Health: 0/51       AC: 11    Str: 22    XL:     6   Next: 56%
Magic:  6/6        EV:  7    Int: 14    God:
Gold:   192        SH: 10    Dex: 11    Spells: 5/5 levels left

rFire    . . .     SeeInvis .   n - +0 falchion (vorpal)
rCold    + . .     Faith    .   c - +0 kite shield
rNeg     + . .     Spirit   .   b - +0 scale mail
rPois    .         Reflect  .   e - +0 helmet
rElec    +         Harm     .   (no cloak)
rCorr    .         Rampage  .   m - +0 pair of gloves
Will     .....                  j - +0 pair of boots
Stlth    ..........             (no amulet)
HPRegen  0.17/turn              f - +6 ring of intelligence
MPRegen  0.10/turn              p - ring of Ynousara {rElec rC+ rN+ Str+2}

@: slow
A: amphibious, slowness 1, strong legs 1, +LOS
a: Hop


You were on level 5 of the Dungeon.
You visited 1 branch of the dungeon, and saw 5 of its levels.

You collected 192 gold pieces.

Inventory:

Hand Weapons
 n - a +0 vorpal falchion (weapon)
Armour
 b - a +0 scale mail (worn)
 c - a +0 kite shield (worn)
 e - a +0 helmet (worn)
 j - a +0 pair of boots (worn)
 m - a +0 pair of gloves (worn)
Jewellery
 f - a +6 ring of intelligence (left hand)
 p - the ring of Ynousara (right hand) {rElec rC+ rN+ Str+2}
   (You found it on level 4 of the Dungeon)

   [ring of protection from cold]

   Str:       It affects your strength (+2).
   rC:        It protects you from cold.
   rElec:     It insulates you from electricity.
   rN:        It protects you from negative energy.
Scrolls
 i - a scroll of fog {unknown}
 l - a scroll of teleportation
 o - 3 scrolls of identify
Potions
 a - 2 potions of heal wounds {unknown}
 d - 3 potions of might
 g - a potion of cancellation
 h - a potion of mutation {unknown}
 k - 4 potions of curing


   Skills:
 + Level 5.0 Fighting
 * Level 5.3 Long Blades
 + Level 5.0 Armour
 + Level 4.5 Shields


You had 5 spell levels left.
You didn't know any spells.
Your spell library contained the following spells:

 Spells                   Type           Power      Damage    Failure   Level
 Magic Dart               Conj           0%         1d3       95%         1
 Searing Ray              Conj           0%         3d3       99%         2
 Dazzling Flash           Conj/Hex       0%         N/A       100%        3
 Fulminant Prism          Conj/Hex       0%         3d6       100%        4
 Iskenderun's Mystic Bla  Conj/Tloc      0%         2d3       100%        4


Dungeon Overview and Level Annotations

Branches:
Dungeon (5/15)
 Temple: D:4-7

Altars:


Innate Abilities, Weirdness & Mutations

You are amphibious.
You cover ground slowly.
You can hop short distances.
You have an extended range of vision and can be seen from far away.


Message History

The iguana is severely wounded.
You block the iguana's attack.
You barely miss the iguana.
The iguana is severely wounded.
The iguana bites you.
You hit the iguana but do no damage.
The iguana is severely wounded.
The iguana bites you.
You closely miss the iguana.
The iguana is severely wounded.
The iguana bites you. The iguana bites you!
* * * LOW HITPOINT WARNING * * *
You are too injured to fight recklessly!
You are too injured to fight recklessly!
You are too injured to fight recklessly!
You are too injured to fight recklessly!
You are too injured to fight recklessly!
You are too injured to fight recklessly!
You are too injured to fight recklessly!
You are too injured to fight recklessly!
You are too injured to fight recklessly!
You are too injured to fight recklessly!
You are too injured to fight recklessly!
You are too injured to fight recklessly!
You are too injured to fight recklessly!
Your shield and scale mail prevent you from hitting the iguana.
The iguana is severely wounded.
The iguana barely misses you.
You hit the iguana.
The iguana is severely wounded.
The iguana bites you.
* * * LOW HITPOINT WARNING * * *
You closely miss the iguana.
The iguana is severely wounded.
The iguana bites you.
* * * LOW HITPOINT WARNING * * *
You hit the iguana but do no damage.
The iguana is severely wounded.
The iguana bites you.
You die...

#.# #.# #.#########.#
#[..........#
#.#########.# #.# #.# #.#
#.# #.# ############ #.#
###........... #.#
#.'..@l......( #.#
#.#........... #.#
#.############ #.# #.#
##.####.#########
#.......#........
#######.'........
#.....#........
#.########################


You could see an iguana.

Vanquished Creatures
  A scorpion (D:4)
  2 jellies (D:2)
  A hound (D:5)
  Ijyb (D:3)
  A howler monkey skeleton (D:4)
  4 adders
  An ufetubus (D:4)
  3 worms (D:2)
  2 adder skeletons (D:4)
  3 dart slugs
  2 orcs
  8 ball pythons
  10 bats
  11 endoplasms
  5 giant cockroaches
  10 goblins
  4 hobgoblins
  10 kobolds
  3 quokkas
  A frilled lizard (D:3)
  9 rats
92 creatures vanquished.

Vanquished Creatures (others)
  5 fungi (D:2)
  8 toadstools (D:2)
13 creatures vanquished.

Grand Total: 105 creatures vanquished

Notes
Turn   | Place    | Note
-------+----------+-------------------------------------------
     0 | D:1      | HESUNTHESUNT the Barachi Fighter began the quest for the
                  | Orb.
     0 | D:1      | Reached XP level 1. HP: 18/18 MP: 1/1
   168 | D:1      | Reached XP level 2. HP: 25/25 MP: 2/2
   206 | D:1      | Found a faded altar of an unknown god.
  1185 | D:2      | Reached XP level 3. HP: 30/30 MP: 3/3
  1989 | D:2      | Reached XP level 4. HP: 28/37 MP: 4/4
  2581 | D:2      | Reached XP level 5. HP: 23/43 MP: 5/5
  3182 | D:3      | Noticed Ijyb
  3236 | D:3      | Killed Ijyb
  3841 | D:4      | Reached XP level 6. HP: 9/50 MP: 6/6
  4460 | D:4      | Reached skill level 5 in Long Blades
  4592 | D:4      | Identified the ring of Ynousara {rElec rC+ rN+ Str+2}
  5198 | D:5      | Entered Level 5 of the Dungeon
  5218 | D:5      | Reached skill level 5 in Fighting
  5218 | D:5      | Reached skill level 5 in Armour
  5567 | D:5      | Slain by an iguana

Illustrated notes

Levels and vault maps discovered:
D:1:      amcnicky_arrival_gap_in_the_tavern_cellar, layout_basic,
          hellmonk_ecumenical_altar_arch_garden, hangedman_decor_push,
          minmay_misc_feat_tower
D:2:      cheibrodos_fertilizer, layout_loops_cross
D:3:      layout_loops_ring, kennysheep_generic_room_5, uniq_ijyb
D:4:      layout_loops_ring, kennysheep_pointless_box, minmay_misc_feat_cross,
          kennysheep_potato
D:5:      layout_basic, trog_hazing_becter, nrook_uturn, uniq_edmund,
          uniq_sigmund

Skill      XL: |  1  2  3  4  5  6 |
---------------+-------------------+-----
Armour         | 4 5 |  5.0
Fighting       | 4 5 |  5.0
Long Blades    | 3 4 5 |  5.3
Shields        | 4 |  4.5

Action                   |  1- 3 |  4- 6 || total
-------------------------+-------+-------++-------
Melee: Long sword        |   140 |    77 ||   217
       Falchion          |       |   150 ||   150
       Unarmed           |       |     5 ||     5
 Abil: Hop               |     2 |     1 ||     3
  Use: Scroll            |       |     5 ||     5
Armor: Scale mail        |    69 |   148 ||   217
Dodge: Dodged            |    44 |    76 ||   120
Block: Kite shield       |    58 |   139 ||   197
       Rpst.: Long sword |    16 |    10 ||    26
       Falchion          |       |    10 ||    10

Table legend: (Time is in decaauts)
 A = Elapsed time spent in this place.
 B = Non-inter-level travel time spent in this place.
 C = Inter-level travel time spent in this place.
 D = Time resting spent in this place.
 E = Time spent auto-exploring this place.
 F = Levels seen in this place.
 G = Mean time per level.
                   A        B        C        D        E       F      G
               +--------+--------+--------+--------+--------+-----+--------+
         Total |   6365 |   5727 |    638 |    430 |   4345 |   5 | 1273.0 |
       Dungeon |   6365 |   5727 |    638 |    430 |   4345 |   5 | 1273.0 |
               +--------+--------+--------+--------+--------+-----+--------+

Top non-repeatable levels by time:
     D:2: 1911 daAuts
     D:4: 1599 daAuts
     D:1: 1362 daAuts
     D:3: 1219 daAuts
     D:5: 272 daAuts
